 Dungeon Crawl Stone Soup version 0.31-a0-344-gd109795599 (webtiles) character file.

Game seed: 6014464174567628879

1109 AIAndy the Grappler (level 8, 0/36 HPs)
             Began as an Octopode Shapeshifter on July 22, 2023.
             Was a Believer of Uskayaw.
             Succumbed to a scorpion's poison
             ... on level 5 of the Dungeon.
             The game lasted 00:11:39 (3774 turns).

AIAndy the Grappler (Octopode Shapeshifter)         Turns: 3774, Time: 00:11:40

Health: 0/36       AC:  1    Str: 22    XL:     8   Next: 33%
Magic:  8/8        EV: 13    Int: 11    God:    Uskayaw [**....]
Gold:   323        SH:  0    Dex: 12    Spells: 7/7 levels left

rFire   . .          .
                       - Unarmed
rCold   . . .        (shield currently unavailable)
rNeg    . . .        (helmet restricted)
rPois   .            (no amulet)
rElec   .            S - +6 ring of strength
rCorr   .            (no ring)
SInv    .            (no ring)
Will    .....        (no ring) Stlth
                     (no ring)
HPRegen 0.26/turn    (no ring)
MPRegen 0.11/turn    (no ring)
                     (no ring)

%: no passive effects
@: berserking, lethally poisoned (0 -> -10), blade tentacles, very quick
A: reduced hp, almost no armour, amphibious, 8 rings, camouflage 1, gelatinous
body 1, (nimble swimmer 1), tentacles
a: Begin Untransformation, Renounce Religion, Stomp, Line Pass


You were on level 5 of the Dungeon.
You worshipped Uskayaw.
Uskayaw was noncommittal.
You had blades for main tentacles.
You visited 2 branches of the dungeon, and saw 6 of its levels.

You collected 323 gold pieces.


Innate Abilities, Weirdness & Mutations

You have blades for main tentacles.
Your maximum health is decreased, since you lack skill for your form.
Your spellcasting is less reliable in this form.
You are incapable of wielding weapons or throwing items.
You cannot wear most types of armour.
You are amphibious.
You can wear up to eight rings at the same time.
Your skin changes colour to match your surroundings (Stealth+).
Your rubbery body absorbs attacks. (AC +1, EV +1)
((You are camouflaged when in or above water. (Stealth+)))
You have tentacles for arms and can constrict up to eight enemies at once.


   Skills:
 - Level 4.6 Fighting
 - Level 2.0 Dodging
 - Level 8.6 Unarmed Combat
 + Level 3.5 Shapeshifting


You had 7 spell levels left.
You didn't know any spells.
Your spell library contained the following spells:

 Spells                   Type           Power      Damage    Failure   Level
 Frozen Ramparts          Ice            0%         1d1       96%         3
 Petrify                  Tmut/Erth      0%         N/A       100%        4
 Metabolic Englaciation   Hex/Ice        0%         N/A       100%        5

Inventory:

Missiles
 e - 3 boomerangs (quivered)
 q - 4 poisoned darts
Armour
 p - a +0 buckler
Magical Staves
 n - a staff of fire
 t - a staff of death
Jewellery
 S - a +6 ring of strength (left blade tentacle)
Talismans
 b - a beast talisman
 v - a blade talisman
Wands
 y - a wand of charming (14)
Scrolls
 c - a scroll of teleportation {unknown}
 d - a scroll of revelation {unknown}
 j - a scroll of enchant weapon {unknown}
 k - a scroll of poison {unknown}
 l - 2 scrolls of identify {unknown}
 m - a scroll of fog {unknown}
 o - 2 scrolls of noise {unknown}
 r - a scroll of blinking {unknown}
 s - a scroll of fear {unknown}
 w - a scroll of brand weapon {unknown}
Potions
 a - 2 potions of lignification {!q}
 f - 2 potions of berserk rage {!q}
 g - a potion of attraction {unknown}
 h - 2 potions of ambrosia {unknown}
 i - a potion of enlightenment {unknown}
 u - a potion of heal wounds {unknown}
 x - 2 potions of brilliance {unknown}

Dungeon Overview and Level Annotations

Branches:
Dungeon (5/15)             Temple (1/1) D:4

Altars:
Ashenzari
Cheibriados
Elyvilon
Fedhas
Gozag
Okawaru
Qazlal
Ru
Trog
Uskayaw
Vehumet
Yredelemnul
Zin
The Shining One

Annotations:
D:4 Sigmund

######### #.......#
#.......# #.......#
#.......# ## ##.......#
..### ##..@.....#
...####..###.##....#
##.....[## #.## .##
░####........###...
+..#.....[.........
░...................
░....................
░░░.....................
...##...........##...


There were no monsters in sight!


Message History

You are lethally poisoned!
The scorpion poisons you!
You barely miss the scorpion.
The scorpion is lightly wounded.
You constrict the scorpion, but do no damage.
* * * LOW HITPOINT WARNING * * *
You feel very sick. The scorpion stings you.
* * * LOW HITPOINT WARNING * * *
Okay, then.
Unknown command.
Okay, then.
It was a potion of berserk rage.
A red film seems to cover your vision as you go berserk!
You feel yourself moving faster!
You feel mighty!
You constrict the scorpion.
* * * LOW HITPOINT WARNING * * *
You feel very sick. The scorpion stings you.
* * * LOW HITPOINT WARNING * * *
The scorpion closely misses you.
You slice the scorpion!!
You kill the scorpion!
* * * LOW HITPOINT WARNING * * *
You feel sick.
You can now pass through a line of other dancers.
You are too berserk!
* * * LOW HITPOINT WARNING * * *
You feel sick.
You feel a strong urge to attack something.
You die...

Skill      XL: |  1  2  3  4  5  6  7 |
---------------+----------------------+-----
Unarmed Combat | 4 5 7 8 |  8.6
Fighting       | 2 4 |  4.6
Dodging        | |  2.0
Shapeshifting  | |  3.5

Action                     |  1- 3 |  4- 6 |  7- 9 || total
---------------------------+-------+-------+-------++-------
  Melee: Unarmed           |    60 |    71 |    36 ||   167
         Constrict         |    14 |    18 |     9 ||    41
         Punch             |     2 |     2 |     2 ||     6
         Tentacles         |     9 |    10 |     9 ||    28
  Throw: Dart              |       |     5 |       ||     5
         Boomerang         |       |     2 |     4 ||     6
    Use: Potion            |       |     1 |     1 ||     2
   Stab: Sleeping          |     6 |     3 |     1 ||    10
         Paralysed         |       |       |     3 ||     3
 Armour: Skin              |     1 |     3 |     1 ||     5
  Dodge: Dodged            |    43 |    42 |    13 ||    98
   Form: Blade             |       |       |     1 ||     1

Levels and vault maps discovered:
D:1:      heliophobic_arrival_glass_houses, layout_basic,
          minmay_misc_feat_tower, chequers_arboretum, minmay_door_square
D:2:      layout_loops_cross, basic_altar, ebering_ecumenical_altar_webs,
          minmay_cupped, uniq_natasha, uniq_crazy_yiuf_cottage
D:3:      minmay_spotlight, layout_loops_cross, uniq_jessica
D:4:      layout_loops_corners, temple_green, serial_bayou_pond_a,
          minmay_misc_feat_doors, uniq_pikel, uniq_grinder, uniq_sigmund
D:5:      layout_rooms, kennysheep_little_box,
          nicolae_overflow_macrodata_refinement, serial_shops, kennysheep_mini,
          st_stairs_13, kennysheep_boxes
Temple:   jpeg_temple_clearing

Notes
Turn   | Place    | Note
-------+----------+-------------------------------------------
     0 | D:1      | AIAndy the Octopode Shapeshifter began the quest for the
                  | Orb.
     0 | D:1      | Reached XP level 1. HP: 13/13 MP: 1/1
   109 | D:1      | Reached XP level 2. HP: 3/18 MP: 2/2
   453 | D:1      | Reached skill level 4 in Unarmed Combat
   508 | D:1      | Reached XP level 3. HP: 20/23 MP: 3/3
  1124 | D:2      | Noticed Natasha
  1159 | D:2      | Killed Natasha
  1160 | D:2      | Reached XP level 4. HP: 28/28 MP: 4/4
  1173 | D:2      | Reached skill level 5 in Unarmed Combat
  1341 | D:2      | You fall into a shaft and drop 1 floor!
  1409 | D:3      | Noticed Jessica
  1424 | D:3      | Noticed a scorpion
  1493 | D:3      | Killed Jessica
  1519 | D:3      | HP: 1/28 [orc/+0 whip (3)]
  1525 | D:3      | Reached XP level 5. HP: 15/33 MP: 5/5
  2157 | D:4      | Noticed Grinder
  2161 | D:4      | Killed Grinder
  2162 | D:4      | Reached skill level 7 in Unarmed Combat
  2162 | D:4      | Reached XP level 6. HP: 20/38 MP: 6/6
  2346 | D:4      | Noticed Sigmund
  2391 | D:4      | Noticed a black bear
  2401 | D:4      | Killed a black bear
  2402 | D:4      | Reached skill level 2 in Fighting
  2402 | D:4      | Reached XP level 7. HP: 23/45 MP: 7/7
  2528 | D:4      | Found a staircase to the Ecumenical Temple.
  2535 | Temple   | Entered the Ecumenical Temple
  2559 | Temple   | Became a worshipper of Uskayaw the Reveller
  2669 | D:4      | Reached * piety under Uskayaw
  2702 | D:4      | Reached ** piety under Uskayaw
  2703 | D:4      | Noticed Pikel
  2705 | D:4      | Reached *** piety under Uskayaw
  2712 | D:4      | Reached **** piety under Uskayaw
  2716 | D:4      | Killed Pikel
  2717 | D:4      | Reached skill level 4 in Fighting
  2717 | D:4      | Reached skill level 8 in Unarmed Combat
  2717 | D:4      | Reached XP level 8. HP: 18/54 MP: 8/8
  3580 | D:5      | Entered Level 5 of the Dungeon
  3772 | D:5      | HP: 3/34 [poisoned by a scorpion]
  3774 | D:5      | Succumbed to a scorpion's poison

Vanquished Creatures
  Pikel (D:4)
  Grinder (D:4)
  A black bear (D:4)
  2 lemures (D:4)
  A scorpion (D:5)
  A hound (D:5)
  A jelly (D:4)
  An orc priest (D:5)
  Jessica (D:3)
  Natasha (D:2)
  5 adders
  A worm (D:2)
  3 dart slugs
  17 orcs
  6 ball pythons
  3 endoplasms
  A giant cockroach (D:4)
  4 goblins
  6 hobgoblins
  7 jackals
  4 quokkas
  4 bats (D:3)
  7 frilled lizards
  4 kobolds
  4 rats
87 creatures vanquished.

Table legend: (Time is in decaauts)
 A = Elapsed time spent in this place.
 B = Non-inter-level travel time spent in this place.
 C = Inter-level travel time spent in this place.
 D = Time resting spent in this place.
 E = Time spent auto-exploring this place.
 F = Levels seen in this place.
 G = Mean time per level.
                   A        B        C        D        E       F      G
               +--------+--------+--------+--------+--------+-----+--------+
         Total |   3764 |   3612 |    152 |    135 |   2816 |   6 |  627.3 |
       Dungeon |   3716 |   3610 |    106 |    135 |   2816 |   5 |  743.2 |
        Temple |     48 |      2 |     46 |      0 |      0 |   1 |   48.0 |
               +--------+--------+--------+--------+--------+-----+--------+

Top non-repeatable levels by time:
     D:4: 1388 daAuts
     D:1: 1079 daAuts
     D:3: 791 daAuts
     D:2: 264 daAuts
     D:5: 192 daAuts
  Temple: 48 daAuts

Table legend:
 A = Non-vault XP
 B = Vault XP
 C = Vault XP percentage of total XP
 D = Non-vault monster count
 E = Vault monster count
 F = Vault count percentage of total count
                 A         B        C        D         E       F
            +---------+---------+-------+---------+---------+-------
      Total |     548 |    1037 |  65.4 |      78 |       7 |   8.2
            +---------+---------+-------+---------+---------+-------
        D:1 |      43 |       0 |   0.0 |      25 |       0 |   0.0
        D:2 |      27 |      35 |  56.5 |       8 |       1 |  11.1
        D:3 |      63 |      43 |  40.6 |      23 |       4 |  14.8
        D:4 |     223 |     959 |  81.1 |      14 |       2 |  12.5
        D:5 |     192 |       0 |   0.0 |       8 |       0 |   0.0
            +---------+---------+-------+---------+---------+-------
